 Dungeon Crawl Stone Soup version 0.19-a0-683-g5f2401d (webtiles) character file.

39 Krapule the Poker (level 3, 0/42 HPs)
             Began as a Merfolk Skald on June 17, 2016.
             Succumbed to an adder's poison
             ... on level 2 of the Dungeon.
             The game lasted 00:04:54 (1538 turns).

Krapule the Poker (Merfolk Skald)                   Turns: 1538, Time: 00:04:55

Health: 0/42       AC: 21    Str: 15    XL:     3   Next: 45%
Magic:  6/6        EV:  2    Int: 11    God:
Gold:   136        SH:  0    Dex: 14    Spells: 1 memorised, 5 levels left

rFire  . . .     SeeInvis .     a - +0 spear
rCold  + . .     Gourm    .     (armour currently unavailable)
rNeg   + + +     Faith    .     (no shield)
rPois  +         Spirit   .     (helmet currently unavailable)
rElec  .         Dismiss  .     (cloak currently unavailable)
rCorr  .         Reflect  .     (gloves currently unavailable)
SustAt .         Harm     .     (boots currently unavailable)
MR     .....     NoTele   +     (no amulet)
Stlth  +.........               n - ring of protection from cold
                                e - +3 ring of strength

@: lethally poisoned (0 -> -1), tree-form, not resistant to hostile
enchantments, very unstealthy
A: (change form in water), (swift swim)
a: no special abilities


You were on level 2 of the Dungeon.
You were not hungry.
You were a tree.
You visited 1 branch of the dungeon, and saw 2 of its levels.

You collected 136 gold pieces.

Inventory:

Hand Weapons
 a - a +0 spear (weapon)
Armour
 f - a +0 pair of gloves (melded)
 j - a +0 ring mail of fire resistance (melded)
 o - a +0 pair of boots (melded)
Jewellery
 e - a +3 ring of strength (left branch)
 n - a ring of protection from cold (right branch)
Scrolls
 b - a scroll of identify
 g - 2 scrolls of remove curse
Potions
 i - a potion of mutation
 m - a potion of cure mutation
 r - a potion of invisibility
Books
 c - a book of Battle

   Spells                             Type                      Level
   a - Infusion                       Charms                       1
   b - Shroud of Golubria             Charms/Translocation         2
   c - Song of Slaying                Charms                       2
   d - Spectral Weapon                Hexes/Charms                 3
   e - Regeneration                   Charms/Necromancy            3
Comestibles
 d - a bread ration
 k - a chunk of flesh
 p - a slice of pizza


   Skills:
 + Level 2.5 Fighting
 + Level 3.8 Polearms
 - Level 1.0 Armour
 + Level 2.0 Dodging
 - Level 2.0 Spellcasting
 + Level 3.8 Charms


You had 5 spell levels left.
You knew the following spells:

 Your Spells              Type           Power        Failure   Level  Hunger
a - Infusion              Chrm           #...         10%         1    ##.....


Dungeon Overview and Level Annotations

Branches:
Dungeon (2/15)

Altars:


Message History

You feel sick.
You continue eating.
You finish eating.
That royal jelly was delicious!
Okay, then.
* * * LOW HITPOINT WARNING * * *
You feel sick.
* * * LOW HITPOINT WARNING * * *
You feel sick.
You see here an adder corpse.
* * * LOW HITPOINT WARNING * * *
You feel sick.
You turn into a tree.
Your +0 pair of gloves melds into your body.
Your +0 pair of boots melds into your body.
Your +0 ring mail of fire resistance melds into your body.
You feel less resistant to fire.
Your roots penetrate the ground.
There is a lethal amount of poison in your body!
* * * LOW HITPOINT WARNING * * *
You feel sick.
You die...

§.≈###≈.≈###≈.#
§§≈§§≈≈.≈≈≈≈≈.# .
§....§.........
≈≈≈.≈≈≈≈≈.≈≈≈≈§ #§.
###≈.≈###§.. #≈.≈ #≈.≈#
≈.# ##≈.≈###§§≈###≈.##
≈≈≈.≈≈≈§§§≈§§≈§..#
....?..♣.........#
≈≈≈.§≈≈≈§§≈≈≈≈§..#
##≈.≈###≈.≈###≈§## #§.≈
#≈.§# .# #§.≈###§§§###≈.#
§§≈≈≈≈.≈≈≈§§.§§≈≈≈.§§§≈≈.#
...§..........§...§§§....#
.≈§ §§.≈≈≈ ≈.≈≈≈≈≈.≈§§≈≈.#
.§# #§.≈#
#≈.≈###§.≈###§.##


There were no monsters in sight!

Vanquished Creatures
  An adder (D:2)
  A dart slug (D:2)
  2 giant geckos (D:2)
  2 giant cockroaches
  4 goblins (D:1)
  3 hobgoblins
  A quokka (D:2)
  A ball python (D:2)
  3 bats
  A giant newt (D:2)
  3 kobolds
  3 rats
25 creatures vanquished.

Notes
Turn   | Place    | Note
--------------------------------------------------------------
     0 | D:1      | Krapule the Merfolk Skald began the quest for the Orb.
     0 | D:1      | Reached XP level 1. HP: 16/16 MP: 3/3
   546 | D:1      | Reached XP level 2. HP: 23/23 MP: 5/5
  1120 | D:2      | Reached skill level 1 in Armour
  1285 | D:2      | Reached XP level 3. HP: 28/28 MP: 6/6
  1530 | D:2      | HP: 1/28 [poisoned by an adder]
  1538 | D:2      | Succumbed to an adder's poison

Vault maps used:
D:1:      mrwooster_arrival_statue_3
D:2:      kennysheep_boxes

Skill      XL: |  1  2  3 |
---------------+----------+-----
Armour         | 1 |  1.0
Dodging        | 2 |  2.0
Fighting       | |  2.5
Polearms       | |  3.8
Spellcasting   | |  2.0
Charms         | |  3.8

Action                   || total
-------------------------++-------
Melee: Spear             ||   111
  Use: Scroll            ||     8
       Potion            ||     1
  Eat: Chunk             ||     2
       Royal jelly       ||     1
Armor: Leather armour    ||     4
       Ring mail         ||    22
Dodge: Dodged            ||    41
